 Dungeon Crawl Stone Soup version 0.17.1-1-g73c8601 (webtiles) character file.

464 Runnr the Grave Robber (level 6, 0/47 HPs)
             Began as a Demonspawn Necromancer on Dec 19, 2015.
             Slain by an orc
             ... wielding a +0 falchion of slicing
              (1 damage)
             ... on level 5 of the Dungeon.
             The game lasted 00:21:57 (6152 turns).

Runnr the Grave Robber (Demonspawn Necromancer)     Turns: 6152, Time: 00:22:00

Health: 0/47       AC:  2    Str:  9    XL:     6   Next: 80%
Magic:  11/12      EV: 13    Int: 17    God:
Gold:   251        SH:  0    Dex: 14    Spells: 4 memorised, 5 levels left

rFire  . . .     SeeInvis .     i - +2 short sword (freeze)
rCold  . . .     Clarity  .     a - +0 robe
rNeg   . . .     SustAt   .     (no shield)
rPois  .         Gourm    .     (no helmet)
rElec  .         Spirit   .     (no cloak)
rCorr  .         Warding  .     (no gloves)
rMut   .         Stasis   .     (no boots)
MR     .....                    (no amulet)
Stlth  ++........               (no ring)
                                l - +2 ring of slaying

@: slowed, very slow, not resistant to hostile enchantments, unstealthy
A: talons 2, demonic guardian 1
a: no special abilities


You were on level 5 of the Dungeon.
You were not hungry.

You visited 1 branch of the dungeon, and saw 5 of its levels.

You collected 251 gold pieces.

Inventory:

Hand Weapons
 i - a +2 short sword of freezing (weapon)
Armour
 a - a +0 robe (worn)
Jewellery
 l - a +2 ring of slaying (left hand)
Wands
 s - a wand of enslavement (8)
Scrolls
 d - a scroll of noise {unknown}
 e - a scroll of remove curse {unknown}
 f - a scroll of random uselessness {unknown}
 g - a scroll of fog {unknown}
 p - 2 scrolls of recharging {unknown}
 r - 2 scrolls of identify {unknown}
 w - a scroll of magic mapping {unknown}
 y - a scroll of teleportation {unknown}
 z - a scroll of immolation {unknown}
Potions
 j - a potion of agility {unknown}
 m - a potion of poison {unknown}
 n - a potion of flight {unknown}
 o - a potion of might {unknown}
 u - a potion of degeneration {unknown}
 v - a potion of mutation {unknown}
 A - a potion of haste
Books
 b - a book of Necromancy

   Spells                             Type                      Level
   a - Pain                           Necromancy                   1
   b - Animate Skeleton               Necromancy                   1
   c - Vampiric Draining              Necromancy                   3
   d - Regeneration                   Charms/Necromancy            3
   e - Animate Dead                   Necromancy                   4
   f - Control Undead                 Necromancy                   4
 k - a book of Flames

   Spells                             Type                      Level
   a - Flame Tongue                   Conjuration/Fire             1
   b - Throw Flame                    Conjuration/Fire             2
   c - Conjure Flame                  Conjuration/Fire             3
   d - Inner Flame                    Hexes/Fire                   3
   e - Sticky Flame                   Conjuration/Fire             4
   f - Fireball                       Conjuration/Fire             5
Comestibles
 c - 4 bread rations
 h - 3 meat rations
 q - a beef jerky
 t - a slice of pizza
 x - a chunk of flesh


   Skills:
 + Level 3.2 Fighting
 + Level 3.2 Dodging
 - Level 1.7 Stealth
 + Level 4.0 Spellcasting
 + Level 6.0 Necromancy


You had 5 spell levels left.
You knew the following spells:

 Your Spells              Type           Power        Failure   Level  Hunger
a - Pain                  Necr           ###.         1%          1    None
b - Animate Skeleton      Necr           N/A          1%          1    None
c - Vampiric Draining     Necr           ###.......   4%          3    ###....
d - Regeneration          Chrm/Necr      ##........   14%         3    ###....


Dungeon Overview and Level Annotations

Branches:
Dungeon (5/15)
 Temple: D:4-7

Altars:

Shops:
D:4 }

Annotations:
D:3 Bane's ghost, amateur DsGl


Innate Abilities, Weirdness & Mutations

You have razor-sharp toenails.
A weak demonic guardian rushes to your aid.


Message History

The orc wizard mumbles some strange words.
The orc wizard seems to speed up.
The orc hits you with a falchion of slicing.
You barely miss the orc wizard. Your kick misses the orc wizard.
The orc wizard is almost dead.
The orc wizard barely misses you.
The orc wizard gestures at you while chanting.
The magic dart hits you!
* * * LOW HITPOINT WARNING * * *
The orc hits you with a falchion of slicing.
* * * LOW HITPOINT WARNING * * *
x2 The orc wizard hits you with a dagger.
* * * LOW HITPOINT WARNING * * *
You hit the orc wizard. You freeze the orc wizard.
You kill the orc wizard!
Your Spellcasting skill increases to level 4!
Your Necromancy skill increases to level 6!
The orc hits you with a falchion of slicing.
* * * LOW HITPOINT WARNING * * *
You die...

#.# #.#.###...#
#.# #.#..^....#
#.. #.#..###..#
##.#
#.#..###..#####
##
#.#............
...
#........####
...# ####.###.#
#...# #.# #)#
##oZ. #.# #@#
...
#.#.##o###.#
#...5Z..o[#
#####....ยง...#
##########


You could see an orc, a worker ant zombie and a friendly quasit.

Vanquished Creatures
  A phantom (D:5)
  A giant frog (D:5)
  An orc wizard (D:5)
  An iguana (D:4)
  A worker ant (D:4)
  3 gnolls (D:3)
  Natasha (twice) (D:3)
  6 adders
  An ooze (D:2)
  5 adder skeletons
  3 worms
  12 orcs
  4 giant cockroaches
  5 hobgoblins
  15 jackals
  A ball python skeleton (D:4)
  8 bats
  A giant cockroach zombie (D:5)
  4 giant geckos
  3 giant newts (D:1)
  6 goblins
  10 kobolds
  6 rats
100 creatures vanquished.

Vanquished Creatures (collateral kills)
  Natasha (D:3)
  A gnoll (D:3)
  A worm (D:3)
  An orc (D:5)
  A ball python (D:3)
  A giant newt (D:3)
  A rat (D:3)
7 creatures vanquished.

Grand Total: 107 creatures vanquished

Notes
Turn   | Place    | Note
--------------------------------------------------------------
     0 | D:1      | Runnr the Demonspawn Necromancer began the quest for the Orb.
     0 | D:1      | Reached XP level 1. HP: 13/13 MP: 3/3
   362 | D:1      | Gained mutation: You have sharp toenails. [demonic ancestry]
   362 | D:1      | Reached XP level 2. HP: 14/19 MP: 0/5
   947 | D:1      | Learned a level 1 spell: Animate Skeleton
  1283 | D:2      | Reached skill level 1 in Fighting
  1283 | D:2      | Reached XP level 3. HP: 14/26 MP: 1/6
  1932 | D:3      | Learned a level 3 spell: Vampiric Draining
  1958 | D:3      | Gained mutation: A weak demonic guardian rushes to your aid. [demonic ancestry]
  1958 | D:3      | Reached XP level 4. HP: 19/32 MP: 8/8
  2554 | D:3      | Reached skill level 5 in Necromancy
  2852 | D:3      | Noticed Natasha
  2861 | D:3      | Killed Natasha
  2888 | D:3      | Reached XP level 5. HP: 2/38 MP: 1/9
  2942 | D:3      | Noticed Bane's ghost (amateur DsGl)
  3040 | D:3      | Noticed Natasha
  3187 | D:3      | Killed Natasha
  3240 | D:3      | Noticed Natasha
  3246 | D:3      | Killed Natasha
  4000 | D:3      | Noticed a phantom
  4683 | D:3      | Learned a level 3 spell: Regeneration
  5460 | D:4      | Found Varph's Gadget Shop.
  5752 | D:4      | Gained mutation: You have razor-sharp toenails. [demonic ancestry]
  5752 | D:4      | Reached XP level 6. HP: 28/46 MP: 8/11
  5836 | D:5      | Entered Level 5 of the Dungeon
  6152 | D:5      | Reached skill level 6 in Necromancy
  6152 | D:5      | HP: 1/47 [orc/falchion of slicing (3)]
  6152 | D:5      | Slain by an orc

Action                   |  1- 3 |  4- 6 || total
-------------------------+-------+-------++-------
Melee: Short sword       |    39 |   157 ||   196
       Unarmed           |     6 |       ||     6
 Cast: Pain              |    40 |    80 ||   120
       Animate Skeleton  |       |    15 ||    15
       Regeneration      |       |     1 ||     1
 Stab: Sleeping          |       |     3 ||     3
  Eat: Chunk             |     4 |    13 ||    17
